 Dungeon Crawl Stone Soup version 0.28.0-1-gb440e238dd (webtiles) character file.

Game seed: 15753541609681139191

3549 Kaptain the Digger (level 10, -8/58 HPs)
             Began as an Octopode Earth Elementalist on Feb 20, 2022.
             Mangled by a hornet (11 damage)
             ... on level 8 of the Dungeon.
             The game lasted 00:21:08 (12136 turns).

Kaptain the Digger (Octopode Earth Elementalist)   Turns: 12136, Time: 00:21:09

Health: -8/58      AC:  1    Str:  7    XL:     10   Next: 9%
Magic:  5/19       EV: 14    Int: 22    God:
Gold:   367        SH:  0    Dex: 13    Spells: 17/21 levels left

rFire   . . .      SeeInvis +   u - +5 short sword
rCold   . . .      Faith    .   (no shield)
rNeg    . . .      Spirit   .   (helmet restricted)
rPois   .          Reflect  .   (no amulet)
rElec   .          Harm     .   m - ring of wizardry
rCorr   .          Rampage  .   l - ring of see invisible
Will    .....                   (no ring)
Stlth   ++++......              (no ring)
HPRegen 0.19/turn               (no ring)
MPRegen 0.16/turn               (no ring)
                                (no ring)
                                (no ring)

@: lethally poisoned (-8 -> -13), slowed, very slow
A: almost no armour, amphibious, 8 rings, camouflage 1, gelatinous body 1,
(nimble swimmer 1), tentacles, frail 1, subdued magic 1, MP-powered wands
a: no special abilities


You were on level 8 of the Dungeon.
You visited 2 branches of the dungeon, and saw 9 of its levels.
You also visited: Sewer.

You collected 367 gold pieces.

Inventory:

Hand Weapons
 e - a +0 hand axe
 p - a +0 hunting sling
 r - a +1 falchion of holy wrath
 u - a +5 short sword (weapon)
Missiles
 c - 28 poisoned darts
 v - 61 sling bullets
 x - 51 stones
 y - 5 silver javelins
Jewellery
 l - a ring of see invisible (right tentacle)
 m - a ring of wizardry (left tentacle)
 z - a ring of ice
 B - a ring of protection from cold
Wands
 C - a wand of mindburst (10)
Scrolls
 a - a scroll of magic mapping
 g - 2 scrolls of fear
 h - 5 scrolls of teleportation
 j - a scroll of enchant weapon
 s - 2 scrolls of identify
 w - a scroll of immolation
 A - a scroll of blinking
Potions
 b - 5 potions of curing
 d - a potion of brilliance
 f - a potion of magic
 i - 4 potions of lignification
 k - 3 potions of heal wounds
 n - 2 potions of invisibility
 o - 2 potions of berserk rage
 q - 3 potions of haste
 t - a potion of might


   Skills:
 + Level 4.4 Fighting
 + Level 5.0 Dodging
 + Level 7.3 Stealth
 * Level 6.4 Spellcasting
 * Level 6.2 Conjurations
 - Level 1.0 Transmutations
 * Level 7.4 Earth Magic


You had 17 spell levels left.
You knew the following spells:

 Your Spells              Type           Power      Damage    Failure   Level
a - Sandblast             Erth           60%        2d14      1%          1
b - Stone Arrow           Conj/Erth      56%        3d10      1%          3

Your spell library contained the following spells:

 Spells                   Type           Power      Damage    Failure   Level
 Magic Dart               Conj           100%       1d8       1%          1
 Passwall                 Tmut/Erth      15%        N/A       1%          2
 Searing Ray              Conj           52%        2d6       1%          2
 Apportation              Tloc           10%        N/A       2%          1
 Petrify                  Tmut/Erth      19%        N/A       5%          4
 Gell's Gravitas          Tloc           5%         N/A       9%          3
 Teleport Other           Tloc           5%         N/A       9%          3
 Fulminant Prism          Conj/Hex       8%         3d7       9%          4
 Borgnjor's Vile Clutch   Necr/Erth      9%         N/A       17%         5
 Alistair's Intoxication  Tmut/Pois      4%         N/A       54%         5
 Eringya's Noxious Bog    Tmut/Pois      3%         N/A       98%         6
 Dispersal                Tloc           2%         N/A       99%         6


Dungeon Overview and Level Annotations

Branches:
Dungeon (8/15)             Temple (1/1) D:5           Sewer (visited)
   Lair: D:8-11

Altars:
Ashenzari
Elyvilon
Fedhas
Gozag
Hepliaklqana
Kikubaaqudgha
Makhleb
Nemelex Xobeh
Okawaru
Qazlal
Sif Muna
Trog
Uskayaw
Vehumet
Wu Jian
Xom
Yredelemnul
Zin
The Shining One

Shops:
D:6 *!


Innate Abilities, Weirdness & Mutations

You cannot wear most types of armour.
You are amphibious.
You can wear up to eight rings at the same time.
Your skin changes colour to match your surroundings (Stealth+).
Your rubbery body absorbs attacks. (AC +1, EV +1)
((You are camouflaged when in or above water. (Stealth+)))
You have tentacles for arms and can constrict up to eight enemies at once.
You are frail. (-10% HP)
Your spells are a little easier to cast, but a little less powerful.
You expend magic power (3 MP) to strengthen your wands.


Message History

Aiming: Stone Arrow (safe; 1% risk of failure)
Press: ? - help, Shift-Dir - straight line, f/p - hornet
Aim: a hornet (lightly wounded, 57% to hit)
The stone arrow hits the hornet!
The hornet is moderately wounded.
Unknown command.
Casting: Stone Arrow (safe; 1% risk of failure)
Confirm with . or Enter, or press ? or * to list all spells.
Aiming: Stone Arrow (safe; 1% risk of failure)
Press: ? - help, Shift-Dir - straight line, f/p - hornet
Aim: a hornet (moderately wounded, 57% to hit)
The stone arrow misses the hornet.
The hornet stings you!
You are poisoned.
You feel yourself slow down.
Unknown command.
Casting: Stone Arrow (safe; 1% risk of failure)
Confirm with . or Enter, or press ? or * to list all spells.
Aiming: Stone Arrow (safe; 1% risk of failure)
Press: ? - help, Shift-Dir - straight line, f/p - hornet
Aim: a hornet (moderately wounded, 57% to hit)
The stone arrow hits the hornet!!
The hornet is almost dead.
You feel very sick. The hornet stings you!
You feel as though you will be slow longer.
The hornet stings you!
* * * LOW HITPOINT WARNING * * *
You feel as though you will be slow longer.
The hornet stings you!
* * * LOW HITPOINT WARNING * * *
You feel as though you will be slow longer.
Casting: Stone Arrow (safe; 1% risk of failure)
Confirm with . or Enter, or press ? or * to list all spells.
Aiming: Stone Arrow (safe; 1% risk of failure)
Press: ? - help, Shift-Dir - straight line, f/p - hornet
Aim: a hornet (almost dead, 57% to hit)
The stone arrow misses the hornet.
* * * LOW HITPOINT WARNING * * *
You feel sick. The hornet misses you. The hornet stings you!
You die...

##.### ### ##.##.###.#
##.........##
#...######..# ##.###
###.# ..###...######...#
...................
########...........
#.@....##.######... ... .
#.y#..#..#.## #..##
......#._#..# #..# ##..#
....#.#..#..# #..###...#
.....#⌠.#..# #........##
[....####''####.....#...#
#...8#..#8......###..#
#...'....'...#.## #...
#...8####8...#..# ##..


You could see a hornet.

Vanquished Creatures
  A deep elf pyromancer (D:7)
  A wyvern (D:7)
  A steam dragon (D:4)
  A sky beast (D:5)
  2 hornet zombies
  2 necrophages (D:4)
  2 ice beasts (D:7)
  4 ogres
  A phantom (D:4)
  A centaur (D:7)
  3 kobold brigands
  3 bullfrogs
  2 scorpions (D:6)
  A killer bee (D:7)
  A wight (D:7)
  A bullfrog zombie (D:6)
  A centaur zombie (D:5)
  3 orc priests
  A centaur skeleton (D:6)
  3 hounds
  2 bullfrog skeletons
  A gnoll shaman (D:7)
  3 iguanas
  A scorpion zombie (D:5)
  Terence (D:3)
  9 orc wizards
  Natasha (D:3)
  A howler monkey zombie (D:7)
  9 gnolls
  A river rat (Sewer)
  12 adders
  2 white imps
  An ufetubus (D:5)
  An adder skeleton (D:4)
  2 worms
  5 dart slugs
  19 orcs
  10 endoplasms
  3 giant cockroaches
  7 hobgoblins
  9 quokkas
  11 ball pythons
  7 bats
  4 frilled lizards
  2 goblins (D:2)
  19 kobolds
  9 rats
187 creatures vanquished.

Vanquished Creatures (others)
  2 plants (D:5)
2 creatures vanquished.

Grand Total: 189 creatures vanquished

Notes
Turn   | Place    | Note
-------+----------+-------------------------------------------
     0 | D:1      | Kaptain the Octopode Earth Elementalist began the quest for
                  | the Orb.
     0 | D:1      | Reached XP level 1. HP: 11/11 MP: 3/3
   228 | D:1      | Reached XP level 2. HP: 17/17 MP: 3/5
  1286 | D:2      | Reached XP level 3. HP: 22/22 MP: 3/6
  1485 | D:2      | Learned a level 3 spell: Stone Arrow
  1899 | D:2      | Reached skill level 1 in Fighting
  1899 | D:2      | Reached XP level 4. HP: 13/28 MP: 5/8
  2774 | D:3      | Found a white marble altar of Elyvilon.
  2935 | D:3      | Noticed Natasha
  2943 | D:3      | Killed Natasha
  2944 | D:3      | Reached skill level 1 in Conjurations
  2944 | D:3      | Reached XP level 5. HP: 28/33 MP: 3/9
  3568 | D:3      | Noticed Terence
  3585 | D:3      | Killed Terence
  3857 | D:3      | Found an iron altar of Okawaru.
  3858 | D:3      | Found a bloodstained altar of Trog.
  4001 | D:4      | Noticed a necrophage
  4002 | D:4      | Noticed a phantom
  4008 | D:4      | Killed a necrophage
  4009 | D:4      | Reached XP level 6. HP: 30/39 MP: 3/10
  4009 | D:4      | Noticed a necrophage
  4343 | D:4      | Found a basalt altar of Yredelemnul.
  4362 | D:4      | Killed a necrophage
  4363 | D:4      | Reached XP level 7. HP: 41/45 MP: 4/12
  4458 | D:4      | Noticed a steam dragon
  4467 | D:4      | Killed a steam dragon
  5043 | D:4      | Reached skill level 5 in Earth Magic
  5491 | D:5      | Entered Level 5 of the Dungeon
  5583 | D:5      | Reached skill level 5 in Stealth
  5583 | D:5      | Reached XP level 8. HP: 48/51 MP: 9/14
  5941 | D:5      | Found a staircase to the Ecumenical Temple.
  6097 | Temple   | Entered the Ecumenical Temple
  6933 | D:5      | Found a glowing silver altar of Zin.
  7014 | D:5      | Found a shimmering blue altar of Sif Muna.
  7120 | D:6      | Found a glowing drain.
  7124 | Sewer    | Entered a sewer
  7490 | Sewer    | Reached skill level 5 in Spellcasting
  7979 | D:6      | Reached XP level 9. HP: 57/57 MP: 9/16
  8031 | D:6      | Found Ybomi's Distillery.
  8050 | D:6      | Found Juliwahi's CLEARANCE SALE!.
  8625 | D:6      | Reached skill level 5 in Conjurations
  8845 | D:6      | Gained mutation: You expend magic power (3 MP) to
                  | strengthen your wands. [potion of mutation]
  8845 | D:6      | Gained mutation: Your spells are a little easier to cast,
                  | but a little less powerful. [potion of mutation]
  8845 | D:6      | Gained mutation: You are frail. (-10% HP) [potion of
                  | mutation]
 11156 | D:7      | Noticed a deep elf pyromancer
 11165 | D:7      | Killed a deep elf pyromancer
 11166 | D:7      | Reached XP level 10. HP: 49/58 MP: 3/19
 11790 | D:8      | Reached skill level 5 in Dodging
 12112 | D:8      | Found a large runed translucent door.
 12113 | D:8      | Found a large runed translucent door.
 12131 | D:8      | Found a blossoming altar of Fedhas.
 12136 | D:8      | Mangled by a hornet

Illustrated notes

Levels and vault maps discovered:
D:1:      minmay_arrival_checkered_box, layout_basic, serial_forest,
          infiniplex_forest_clump_curved, infiniplex_forest_lined_room_,
          infiniplex_forest_clump_diagonal, infiniplex_forest_lined_corner,
          infiniplex_forest_straight_4, infiniplex_forest_corner_1,
          infiniplex_forest_end_2, infiniplex_forest_clump_double,
          infiniplex_forest_corner_1, moated_statue, minmay_pentomino_v2
D:2:      layout_basic, minmay_randomly_rotated_circles
D:3:      wander_river, layout_basic, nicolae_elyvilon_peaceful_grove,
          grunt_temple_overflow_bloody_war, uniq_natasha, uniq_terence
D:4:      layout_basic, yredelemnul_altar_generic, st_stairs_2
D:5:      layout_basic, zin_scriptorium, led_sif_pool,
          minmay_temple_entry_stoned_glass, serial_bayou_lake_a
D:6:      layout_basic, serial_shops, nicolae_square_shop, gup_sewer_entry_bowl,
          minivault_26, nicolae_shop_clearance
D:7:      layout_layer_cave, kennysheep_generic_room_7
D:8:      layout_layer_cave, jmf_multi_god_temple2
Temple:   nicolae_temple_x_marks_the_god

Skill      XL: |  1  2  3  4  5  6  7  8  9 10 |
---------------+-------------------------------+-----
Stealth        | 3 4 5 6 7 |  7.3
Fighting       | 1 2 3 4 |  4.4
Conjurations   | 1 2 3 4 6 |  6.2
Spellcasting   | 3 4 5 6 |  6.4
Earth Magic    | 4 5 6 7 |  7.4
Dodging        | 3 4 5 |  5.0
Transmutations | |  1.0

Action                   |  1- 3 |  4- 6 |  7- 9 | 10-12 || total
-------------------------+-------+-------+-------+-------++-------
Melee: Unarmed           |     4 |       |       |       ||     4
       Constrict         |     6 |     2 |    15 |       ||    23
       Tentacles         |     3 |     2 |    12 |       ||    17
       Short sword       |    16 |    10 |    59 |       ||    85
       Hand axe          |     2 |       |       |       ||     2
       Punch             |     1 |       |       |       ||     1
 Cast: Sandblast         |    31 |    62 |    68 |       ||   161
       Stone Arrow       |       |     2 |   131 |     8 ||   141
  Use: Scroll            |       |     3 |    17 |       ||    20
       Potion            |       |     1 |     4 |       ||     5
 Stab: Sleeping          |     3 |     1 |     1 |       ||     5
Armor: Skin              |       |     8 |     7 |       ||    15
Dodge: Dodged            |    23 |    20 |    67 |     2 ||   112
